 Dungeon Crawl Stone Soup version 0.28-a0-850-g09de17f5b5 (webtiles) character file.

Game seed: 4324610340477723469

2 croobank the Sneak (level 1, -4/18 HPs)
             Began as a Demonspawn Delver on Nov 13, 2021.
             Slain by an iguana (11 damage)
             ... on level 5 of the Dungeon.
             The game lasted 00:02:44 (357 turns).

croobank the Sneak (Demonspawn Delver)               Turns: 357, Time: 00:02:45

Health: -4/18      AC:  3    Str: 12    XL:     1   Next: 25%
Magic:  1/1        EV: 11    Int: 11    God:
Gold:   8          SH:  0    Dex: 14    Spells: 0/0 levels left

rFire   . . .      SeeInvis .   a - +0 hand axe
rCold   . . .      Faith    .   (no shield)
rNeg    . . .      Spirit   .   b - +0 leather armour
rPois   .          Reflect  .   (no helmet)
rElec   .          Harm     .   (no cloak)
rCorr   .          Rampage  .   (no gloves)
Will    .....                   (no boots)
Stlth   +++.......              (no amulet)
HPRegen 0.06/turn               (no ring)
MPRegen 0.07/turn               (no ring)

@: hasted, very quick
A: no striking features
a: no special abilities


You were on level 5 of the Dungeon.
You visited 1 branch of the dungeon, and saw 2 of its levels.

You collected 8 gold pieces.

Inventory:

Hand Weapons
 a - a +0 hand axe (weapon)
 j - a +0 scimitar
Missiles
 k - 15 stones (quivered)
Armour
 b - a +0 leather armour (worn)
Wands
 g - a wand of digging (3)
Scrolls
 c - a scroll of fog
 d - a scroll of magic mapping
 e - a scroll of fear
 i - a scroll of enchant armour {unknown}
Potions
 h - a potion of might {unknown}


   Skills:
 + Level 3.0 Fighting
 + Level 1.7 Axes
 + Level 1.7 Dodging
 + Level 4.6 Stealth


You couldn't memorise any spells.
You didn't know any spells.
Your spell library was empty.

Dungeon Overview and Level Annotations

Branches:
Dungeon (5/15)
 Temple: D:4-7

Altars:

Annotations:
D:4 Menkaure


Message History

You closely miss the orc.
The orc is almost dead.
The orc hits you but does no damage.
You closely miss the orc.
The orc is almost dead.
The orc hits you with a +0 club.
You closely miss the orc.
The orc is almost dead.
The orc hits you but does no damage. The orc hits you with a +0 club.
You hit the orc.
You kill the orc!
You start resting.
HP restored.
A quokka comes into view.
An orc comes into view. It is wielding a +0 flail.
Menkaure, Prince of Dust comes into view.
The quokka closely misses you.
The quokka twitches its whiskers.
The quokka bites you.
You see here a +0 club.
You feel yourself speed up. The quokka barely misses you.
You open the large door.
A goblin and an orc come into view.
The hobgoblin shouts!
The goblin shouts!
You hear a shout! x2
You hear an angry hiss.
You close the large door.
The quokka bites you.
The quokka twitches its whiskers.
The quokka bites you but does no damage.
There is a stone staircase leading down here.
You can't go up here!
You climb downwards.
The iguana barely misses you.
There is a stone staircase leading up here.
You closely miss the iguana. The iguana bites you.
You hit the iguana but do no damage. The iguana barely misses you.
You hit the iguana but do no damage. You hit the iguana.
The iguana is lightly wounded.
The iguana bites you!
Ouch! That really hurt!
You die...

#### ...## ....## .....##
## ......# ##.# ......#
#..# ......# ###..#
.....#########...##
................@.#
##..#############l#######
#..## ##......## #.##
#........ ..# #....#####
.## #....# .(## #....#
...# ?..... ...# .......#


You could see an iguana.

Vanquished Creatures
  An orc (D:4)
1 creature vanquished.

Notes
Turn   | Place    | Note
-------+----------+-------------------------------------------
     0 | D:5      | croobank the Demonspawn Delver began the quest for the Orb.
     0 | D:5      | Reached XP level 1. HP: 18/18 MP: 1/1
   116 | D:5      | Noticed an iguana
   322 | D:4      | Noticed Menkaure
   357 | D:5      | Slain by an iguana

Illustrated notes

Levels and vault maps discovered:
D:4:      layout_rooms, xom_confusion_cloud, nicolae_stop_n_shop_1,
          minmay_goblin_outpost, uniq_menkaure
D:5:      layout_cave_pods, elyvilon_altar_1, uniq_ijyb

Action                   || total
-------------------------++-------
Melee: Hand axe          ||    20
  Use: Potion            ||     1
Armor: Leather armour    ||     5
Dodge: Dodged            ||    13

Table legend: (Time is in decaauts)
 A = Elapsed time spent in this place.
 B = Non-inter-level travel time spent in this place.
 C = Inter-level travel time spent in this place.
 D = Time resting spent in this place.
 E = Time spent auto-exploring this place.
 F = Levels seen in this place.
 G = Mean time per level.
                   A        B        C        D        E       F      G
               +--------+--------+--------+--------+--------+-----+--------+
         Total |    353 |    353 |      0 |    167 |     19 |   2 |  176.5 |
       Dungeon |    353 |    353 |      0 |    167 |     19 |   2 |  176.5 |
               +--------+--------+--------+--------+--------+-----+--------+

Top non-repeatable levels by time:
     D:4: 229 daAuts
     D:5: 124 daAuts
